 Dungeon Crawl Stone Soup version 0.29.0-5-ge4962eb29e (webtiles) character file.

Game seed: 13957274350955212024

2586 snarfax the Grappler (level 9, -4/70 (88) HPs)
             Began as a Troll Fighter on Aug 29, 2022.
             Was a Believer of Elyvilon.
             Slain by a wight
             ... wielding a +4 flail
              (10 damage)
             ... on level 7 of the Dungeon.
             The game lasted 00:15:25 (4963 turns).

snarfax the Grappler (Troll Fighter)                Turns: 4963, Time: 00:15:26

HP:   -4/70 (88)    AC:  6    Str: 26    XL:     9   Next: 32%
MP:   8/8           EV: 25    Int:  4    God:    Elyvilon [**....]
Gold: 371           SH:  0    Dex: 13    Spells: 8/8 levels left

rFire   + . .      SeeInvis .     - Unarmed
rCold   + . .      Faith    .   b - +1 kite shield
rNeg    . . .      Spirit   .   D - +2 robe {rC+ rF+}
rPois   .          Reflect  .   (helmet restricted)
rElec   .          Harm     .   (no cloak)
rCorr   .          Rampage  .   (gloves unavailable)
Will    .....                   (boots unavailable)
Stlth   +.........              e - amulet of the acrobat
HPRegen 1.01/turn               (no ring)
MPRegen 0.11/turn               (no ring)

@: confused, ambrosia-drunk, acrobatic, heavily drained
A: large, unfitting armour, claws 3, regeneration 1, shaggy fur 1, tough skin 1
a: Renounce Religion, Purification, Heal Other


You were on level 7 of the Dungeon.
You worshipped Elyvilon.
Elyvilon was pleased with you.
You visited 2 branches of the dungeon, and saw 8 of its levels.

You collected 431 gold pieces.
You spent 60 gold pieces at shops.

Inventory:

Missiles
 g - 22 poisoned darts (quivered)
 u - 5 javelins
Armour
 a - a +0 robe
 b - a +1 kite shield (worn)
 D - a +2 robe of resistance (worn)
 F - +0 steam dragon scales
Jewellery
 e - an amulet of the acrobat (around neck)
 k - a ring of magical power
Wands
 p - a wand of light (10)
 y - a wand of paralysis (5)
Scrolls
 f - 2 scrolls of vulnerability
 h - 3 scrolls of teleportation
 j - a scroll of blinking {unknown}
 l - a scroll of immolation
 m - 4 scrolls of enchant armour
 o - 3 scrolls of poison
 r - a scroll of fear {unknown}
 s - a scroll of brand weapon {unknown}
 t - a scroll of enchant weapon
 w - 2 scrolls of torment {unknown}
 B - 2 scrolls of amnesia {unknown}
Potions
 c - a potion of might
 d - 2 potions of attraction
 i - 2 potions of flight
 n - a potion of ambrosia
 q - a potion of curing
 v - 3 potions of lignification {unknown}
 x - 2 potions of heal wounds {unknown}
 z - 2 potions of brilliance
 A - 3 potions of mutation
 C - a potion of invisibility {unknown}
 E - a potion of magic {unknown}


   Skills:
 + Level 5.3 Fighting
 + Level 5.2 Dodging
 + Level 5.9 Shields
 * Level 8.3 Unarmed Combat


You had 8 spell levels left.
You didn't know any spells.
Your spell library contained the following spells:

 Spells                   Type           Power      Damage    Failure   Level
 Stone Arrow              Conj/Erth      0%         3d7       98%         3
 Animate Armour           Summ/Erth      0%         N/A       100%        4
 Lehudib's Crystal Spear  Conj/Erth      0%         10d2      100%        8


Dungeon Overview and Level Annotations

Branches:
Dungeon (7/15)             Temple (1/1) D:4

Altars:
Ashenzari
Dithmenos
Elyvilon
Fedhas
Gozag
Hepliaklqana
Kikubaaqudgha
Makhleb
Okawaru
Sif Muna
Trog
Vehumet
Xom
Yredelemnul
Zin
The Shining One

Shops:
D:1 *   D:2 ?   D:4 (

Annotations:
D:6 1 runed translucent door, nroviw's ghost, novice TeAE


Innate Abilities, Weirdness & Mutations

You are too large for most types of armour.
You have claws for hands.
Your natural rate of healing is unusually fast.
You are covered in fur. (AC +1)
You have tough skin. (AC +1)


Message History

You are too injured to fight recklessly!
You closely miss the wight.
The wight is severely damaged.
You block the wight's attack. The wight closely misses you.
You barely miss the wight.
The wight is severely damaged.
The wight hits you from afar with a +5 halberd!
You feel drained. The wight hits you with a +4 flail!
* * * LOW HITPOINT WARNING * * *
You feel drained.
* * * LOW HITPOINT WARNING * * *
The wight attacks as you move away! The wight hits you with a +4 flail!
* * * LOW HITPOINT WARNING * * *
The wight attacks as you move away! The wight completely misses you.
The wight attacks as you move away! You block the wight's attack.
The wight attacks as you move away! You block the wight's attack.
Okay, then.
You are confused.
You feel invigorated. The wight hits you but does no damage.
The wight completely misses you. The wight misses you.
The wight barely misses you. The wight hits you with a +2 falchion.
The wight hits you from afar with a +5 halberd!
You feel drained. The wight completely misses you.
The wight hits you with a +4 flail!
* * * LOW HITPOINT WARNING * * *
You feel drained.
* * * LOW HITPOINT WARNING * * *
The wight hits you with a +4 flail.
* * * LOW HITPOINT WARNING * * *
You feel drained.
* * * LOW HITPOINT WARNING * * *
You are more confused.
You feel more invigorated.
The wight hits you from afar with a +5 halberd!
* * * LOW HITPOINT WARNING * * *
The wight hits you with a +2 falchion. Elyvilon protects you from harm!
The wight closely misses you. The wight hits you with a +4 flail!
You die...

####..## ##............### #.
##†..# ##...............# ## #
##....# #................# #
####.....# #...............##
.........# #........^......# ##
.........# ##.............## ##.
........## #............######..
........# ##....z.......###.†...
........####...)@.z.....#....#...
................z..........###)..
...>.....................####....
.....########..........### ##...
...### ###.........# ##.. .###
##.#####..## ##. .# ### ###.## ##
.# #..## .# ##..#


You could see 3 wights.

Vanquished Creatures
  A steam dragon (D:7)
  Menkaure (D:5)
  2 black bears
  3 ice beasts
  An ogre (D:5)
  3 centaurs
  2 kobold brigands (D:6)
  Blork the orc (D:6)
  A bullfrog (D:7)
  A necrophage (D:5)
  A gnoll sergeant (D:5)
  6 scorpions
  2 wights (D:7)
  The ghost of edwardauron the Insei, a weakling DgTm (D:3)
  2 howler monkeys
  A crimson imp (D:5)
  2 orc priests
  2 hounds
  3 jellies
  3 orc wizards
  8 adders
  5 gnolls
  2 shadow imps
  A white imp (D:5)
  2 ufetubi (D:6)
  2 worms
  A dart slug (D:4)
  15 orcs
  4 bats
  3 endoplasms
  5 giant cockroaches
  8 goblins
  7 hobgoblins
  16 kobolds
  6 quokkas
  4 ball pythons
  2 frilled lizards (D:1)
  6 rats
136 creatures vanquished.

Notes
Turn   | Place    | Note
-------+----------+-------------------------------------------
     0 | D:1      | snarfax the Troll Fighter began the quest for the Orb.
     0 | D:1      | Reached XP level 1. HP: 22/22 MP: 0/0
    43 | D:1      | Found Ranat's General Store.
   204 | D:1      | Reached XP level 2. HP: 29/29 MP: 1/1
   531 | D:1      | Found a faded altar of an unknown god.
   663 | D:2      | Reached XP level 3. HP: 31/36 MP: 2/2
   848 | D:2      | Reached skill level 3 in Unarmed Combat
  1013 | D:2      | Found Ryss's Magic Scroll Shoppe.
  1021 | D:2      | Bought a scroll of noise for 12 gold pieces
  1021 | D:2      | Bought a scroll of identify for 24 gold pieces
  1021 | D:2      | Bought a scroll of identify for 24 gold pieces
  1851 | D:3      | Found a glowing silver altar of Zin.
  1879 | D:3      | Found a runed translucent door.
  1911 | D:3      | Noticed a scorpion
  1917 | D:3      | Killed a scorpion
  1918 | D:3      | Reached XP level 4. HP: 45/45 MP: 3/3
  2057 | D:3      | Noticed edwardauron's ghost (weakling DgTm)
  2070 | D:3      | Killed edwardauron's ghost
  2071 | D:3      | Reached XP level 5. HP: 49/53 MP: 4/4
  2126 | D:4      | Reached skill level 4 in Unarmed Combat
  2147 | D:4      | Found Sem Suqe's Weapon Emporium.
  2246 | D:4      | Found a staircase to the Ecumenical Temple.
  2287 | D:4      | Reached XP level 6. HP: 61/61 MP: 5/5
  2326 | Temple   | Entered the Ecumenical Temple
  2599 | Temple   | Became a worshipper of Elyvilon the Healer
  2813 | D:4      | Reached skill level 5 in Unarmed Combat
  2928 | D:5      | Entered Level 5 of the Dungeon
  2928 | D:5      | Noticed an ice beast
  2935 | D:5      | Killed an ice beast
  2936 | D:5      | Reached XP level 7. HP: 51/68 MP: 6/6
  2979 | D:5      | Noticed Menkaure
  3121 | D:5      | Reached * piety under Elyvilon
  3122 | D:5      | Found a shimmering altar of Xom.
  3253 | D:5      | Reached skill level 6 in Unarmed Combat
  3269 | D:5      | Reached XP level 8. HP: 55/78 MP: 7/7
  3341 | D:5      | Killed Menkaure
  3420 | D:5      | Found a basalt altar of Yredelemnul.
  3476 | D:5      | Identified the +4 long sword "Woqe" {drain, +Blink rElec
                  | rPois Will-}
  3675 | D:5      | Reached skill level 5 in Shields
  3716 | D:5      | Found a burning altar of Makhleb.
  3874 | D:6      | Found a runed translucent door.
  3886 | D:6      | Reached skill level 7 in Unarmed Combat
  4076 | D:6      | Reached ** piety under Elyvilon
  4322 | D:6      | Noticed nroviw's ghost (novice TeAE)
  4364 | D:6      | Reached skill level 5 in Fighting
  4378 | D:6      | Noticed Blork the orc
  4390 | D:6      | Killed Blork the orc
  4581 | D:7      | Reached XP level 9. HP: 84/88 MP: 8/8
  4750 | D:7      | Reached skill level 5 in Dodging
  4750 | D:7      | Reached skill level 8 in Unarmed Combat
  4962 | D:7      | HP: 2/70 [wight/+5 halberd (15)]
  4962 | D:7      | Elyvilon protects you from harm!
  4963 | D:7      | Slain by a wight

Illustrated notes

Levels and vault maps discovered:
D:1:      amcnicky_arrival_choice, layout_loops_ring,
          shapermc_ecumenical_altar_acropolis, serial_shops, nicolae_square_shop
D:2:      layout_basic, serial_forest, infiniplex_forest_straight_4,
          infiniplex_forest_lined_3, infiniplex_forest_corner_2,
          infiniplex_forest_clump_C, infiniplex_forest_lined_corner,
          infiniplex_forest_straight_4, infiniplex_forest_side_room,
          infiniplex_forest_pool, serial_shops, nicolae_shop_trees,
          kennysheep_decorative_pillar, lemuel_old_faithful
D:3:      layout_basic, mainiacjoe_overflow_catwalk,
          ebering_ghost_reflecting_pool, minivault_26
D:4:      layout_rooms, lemuel_temple_firewalk_b, serial_shops,
          nicolae_shop_trees
D:5:      layout_rooms, mainiacjoe_overflow_brackets, makhleb_grotto_becter,
          mainiacjoe_overflow_six_doors_small, uniq_menkaure
D:6:      layout_cave_pools, ebering_ghost_sewer_d,
          amcnicky_mini_corridor_feature, uniq_blork_the_orc
D:7:      layout_cave_pods, mainiacjoe_overflow_alcove_2
Temple:   hc_temple_tempest_star

Skill      XL: |  1  2  3  4  5  6  7  8  9 |
---------------+----------------------------+-----
Shields        | 3 4 5 |  5.9
Unarmed Combat | 3 4 5 6 7 8 |  8.3
Fighting       | 3 4 5 |  5.3
Dodging        | 3 4 5 |  5.2

Action                   |  1- 3 |  4- 6 |  7- 9 || total
-------------------------+-------+-------+-------++-------
Melee: Unarmed           |   111 |    74 |   240 ||   425
Throw: Dart              |     2 |       |     4 ||     6
  Use: Scroll            |     6 |       |     7 ||    13
       Potion            |       |       |     4 ||     4
Armor: Robe              |    37 |    13 |    49 ||    99
Dodge: Dodged            |    34 |    26 |   107 ||   167
Block: Kite shield       |    30 |    30 |   124 ||   184
